 Dungeon Crawl Stone Soup version 0.26.1-11-gd32895ea62 (webtiles) character file.

Game seed: 2848254721828061481

7436 Almogavar the Destroyer (level 10, -7/77 HPs)
             Began as a White Draconian Conjurer on June 19, 2021.
             Was a Believer of Nemelex Xobeh.
             Killed from afar by a gargoyle (22 damage)
             ... with a stone arrow
             ... on level 11 of the Dungeon.
             The game lasted 00:41:00 (11557 turns).

Almogavar the Destroyer (White Draconian Conjurer) Turns: 11557, Time: 00:41:00

Health: -7/77      AC: 11    Str:  9    XL:     10   Next: 93%
Magic:  6/23       EV: 13    Int: 22    God:    Nemelex Xobeh [**....]
Gold:   542        SH:  0    Dex: 10    Spells: 21/28 levels left

rFire    + + .     SeeInvis .   v - staff of fire
rCold    + + +     Faith    .   (no shield)
rNeg     . . .     Spirit   .   (armour unavailable)
rPois    .         Reflect  .   D - +0 hat
rElec    .         Harm     .   x - scarf {rC+ rF+}
rCorr    .         Rampage  .   (no gloves)
Will     .....                  (no boots)
Stlth    +++.......             s - amulet of magic regeneration
HPRegen  0.22/turn              t - +4 ring of protection
MPRegen  0.43/turn              B - ring of protection from cold

@: slowed, very slow
A: breathe frost, unfitting armour, cold resistance 1, cold-blooded, AC +7
a: Breathe Frost, Renounce Religion, Draw Escape, Draw Destruction, Draw
Summoning


You were on level 11 of the Dungeon.
You worshipped Nemelex Xobeh.
Nemelex Xobeh was pleased with you.
You visited 2 branches of the dungeon, and saw 12 of its levels.
You also visited: Ossuary.

You collected 618 gold pieces.
You spent 76 gold pieces at shops.

Inventory:

Hand Weapons
 q - a +4 quarterstaff of chaos
Armour
 p - a +0 cloak
 x - a scarf of resistance (worn)
 D - a +0 hat (worn)
Magical Staves
 v - an uncursed staff of fire (weapon)
Jewellery
 s - an amulet of magic regeneration (around neck)
 t - a +4 ring of protection (left hand)
 u - an uncursed ring of fire
 w - an uncursed ring of fire
 B - a ring of protection from cold (right hand)
Wands
 a - a wand of paralysis (6)
 r - a wand of acid (10)
Scrolls
 b - 9 scrolls of remove curse
 c - 2 scrolls of magic mapping
 d - 7 scrolls of amnesia
 e - 4 scrolls of enchant weapon
 g - 3 scrolls of blinking
 j - 7 scrolls of teleportation
 m - 2 scrolls of fog {unknown}
 y - a scroll of summoning {unknown}
 z - a scroll of enchant armour {unknown}
Potions
 f - 3 potions of lignification
 h - 7 potions of brilliance {unknown}
 i - 2 potions of curing {unknown}
 k - 2 potions of degeneration {unknown}
 l - 4 potions of attraction {unknown}
 n - 2 potions of haste {unknown}
 o - 4 potions of mutation {unknown}
 A - 2 potions of cancellation {unknown}
Miscellaneous
 C - a box of beasts


   Skills:
 + Level 3.6 Fighting
 - Level 0.2 Short Blades
 + Level 3.3 Staves
 + Level 4.1 Dodging
 + Level 5.1 Stealth
 + Level 9.7 Spellcasting
 + Level 10.2 Conjurations
 * Level 4.7 Translocations


You had 21 spell levels left.
You knew the following spells:

 Your Spells              Type           Power        Failure   Level
a - Magic Dart            Conj           100%         1%          1
b - Searing Ray           Conj           100%         1%          2
c - Iskenderun's Mystic   Conj/Tloc      43%          3%          4

Your spell library contained the following spells:

 Spells                   Type           Power        Failure   Level
 Dazzling Flash           Conj/Hex       66%          2%          3
 Stone Arrow              Conj/Erth      66%          2%          3
 Sandblast                Erth           20%          6%          1
 Fulminant Prism          Conj/Hex       16%          8%          4
 Passwall                 Tmut/Erth      8%           10%         2
 Petrify                  Tmut/Erth      10%          52%         4
 Lee's Rapid Deconstruct  Erth           5%           86%         5


Dungeon Overview and Level Annotations

Branches:
Dungeon (12/15)            Temple (1/1) D:5         Ossuary (visited)
   Lair: D:8-11         Orc: D:9-12

Altars:
Ashenzari
Cheibriados
Dithmenos
Elyvilon
Fedhas
Gozag
Hepliaklqana
Kikubaaqudgha
Nemelex Xobeh
Okawaru
Qazlal
Ru
Sif Muna
Trog
Uskayaw
Vehumet
Wu Jian
Xom
Yredelemnul
Zin
The Shining One
Lugonu

Shops:
D:4 *[

Annotations:
D:5 1 runed translucent door, Sensen's ghost, novice GnWr
D:8 2 transporters, weresquid's ghost, novice DsGl


Innate Abilities, Weirdness & Mutations

You can breathe waves of freezing cold.
You can buffet flying creatures when you breathe cold.
Your icy white scales are hard. (AC +7)
You cannot fit into any form of body armour.
Your flesh is cold resistant. (rC+)
You are cold-blooded and may be slowed by cold attacks.


Message History

Your life force feels restored.
You draw a card...
You have drawn the Illusion.
Suddenly you stand beside yourself. The wraith hits you.
* * * LOW HITPOINT WARNING * * *
The wraith misses you. The wraith hits you but does no damage.
Things that are here:
a +0 dagger; a +0 robe
Casting: Iskenderun's Mystic Blast (dangerous; 3% risk of failure)
Confirm with . or Enter, or press ? or * to list all spells.
Aiming: Searing Ray (safe; 1% risk of failure)
Press: ? - help, Shift-Dir - straight line, f - wraith
Aim: a wraith (severely damaged, 17% to evade)
The searing ray misses the wraith. (Press . to maintain the ray.)
The wraith barely misses you.
The gargoyle hurls a stone arrow at you.
The stone arrow misses Almogavar's illusion.
The stone arrow hits you!!
You die...
Your body glows slightly and disappears.

#..# #$..# #..# #.?.# #..#
#../# #..# #...# #..# #...#
#..# #...#########
#(.##########[W..........
#..>..........@@.........
#..#############.9....... #..#
#...##### #..# #9..# #..# #...#
#..# #...# #..# #...#
#..#############...###########.
#..............................


You could see a wraith, a gargoyle and the friendly Almogavar's illusion
(summoned, slow).

Vanquished Creatures
  Josephine (D:11)
  A two-headed ogre (D:8)
  Pikel (D:7)
  An orb spider (shapeshifter) (D:6)
  A deep elf mage (D:8)
  A manticore (D:8)
  A komodo dragon (D:8)
  A yak (D:8)
  2 wraiths (D:11)
  Duvessa (D:7)
  2 orc warriors (D:7)
  An ice beast (D:8)
  A black bear (D:8)
  5 ogres
  A necrophage (D:5)
  A phantom (D:8)
  2 centaurs
  3 lemures (D:7)
  A big kobold (D:6)
  4 bullfrogs
  Blork the orc (D:6)
  A gnoll sergeant (D:6)
  Dowan (D:7)
  3 scorpions
  4 wights (D:9)
  A howler monkey (D:6)
  A bullfrog zombie (D:8)
  2 human zombies (Ossuary)
  A quasit (D:8)
  A centaur zombie (Ossuary)
  4 jellies
  Crazy Yiuf (D:4)
  3 orc priests
  10 hounds
  A gnoll shaman (D:6)
  2 iguanas
  12 orc wizards
  4 worker ants
  A big kobold zombie (Ossuary)
  A hound zombie (D:8)
  2 mummies (Ossuary)
  A worker ant zombie (D:5)
  11 gnolls (D:6)
  4 adders
  A shadow imp (D:5)
  4 white imps
  3 ufetubi
  2 oozes
  3 adder zombies
  An adder skeleton (D:8)
  2 worms
  A dart slug (D:1)
  5 leopard geckos
  26 orcs
  2 bats
  4 giant cockroaches
  17 hobgoblins
  10 jackals
  A quokka (D:2)
  2 ball pythons
  6 frilled lizards
  6 goblins
  2 goblin zombies (Ossuary)
  9 hobgoblin zombies (Ossuary)
  13 kobolds
  9 kobold zombies (Ossuary)
  9 orc zombies (Ossuary)
  2 quokka skeletons
  A quokka zombie (D:6)
  9 rats
  A rat zombie (Ossuary)
256 creatures vanquished.

Vanquished Creatures (others)
  15 plants (D:6)
  2 withered plants (D:5)
17 creatures vanquished.

Grand Total: 273 creatures vanquished

Notes
Turn   | Place    | Note
-------+----------+-------------------------------------------
     0 | D:1      | Almogavar the Draconian Conjurer began the quest for the
                  | Orb.
     0 | D:1      | Reached XP level 1. HP: 14/14 MP: 3/3
   234 | D:1      | Reached XP level 2. HP: 1/20 MP: 0/5
   539 | D:1      | Learned a level 2 spell: Searing Ray
  1590 | D:1      | Reached XP level 3. HP: 26/26 MP: 2/6
  1750 | D:2      | Found a faded altar of an unknown god.
  1864 | D:2      | Found a blossoming altar of Fedhas.
  1917 | D:2      | Found an ancient bone altar of Kikubaaqudgha.
  2940 | D:3      | Reached XP level 4. HP: 34/34 MP: 3/8
  3199 | D:3      | Found an iron altar of Okawaru.
  3200 | D:3      | Found a bloodstained altar of Trog.
  3424 | D:4      | Found Caukush's General Store.
  3536 | D:3      | Reached skill level 5 in Conjurations
  3836 | D:4      | Reached XP level 5. HP: 39/39 MP: 1/9
  4031 | D:4      | Found a glowing golden altar of the Shining One.
  4054 | D:4      | Found a basalt altar of Yredelemnul.
  4068 | D:4      | Found a broken altar of Ashenzari.
  4133 | D:4      | Found a shadowy altar of Dithmenos.
  4155 | D:4      | Found a white marble altar of Elyvilon.
  4313 | D:4      | Found Juor Caiq's Antique Armour Shop.
  4502 | D:4      | Found a runed translucent door.
  4503 | D:4      | Noticed Crazy Yiuf
  4616 | D:4      | Killed Crazy Yiuf
  4617 | D:4      | Reached skill level 1 in Fighting
  4731 | D:5      | Entered Level 5 of the Dungeon
  4791 | D:5      | Found a staircase to the Ecumenical Temple.
  4807 | Temple   | Entered the Ecumenical Temple
  4823 | Temple   | Became a worshipper of Nemelex Xobeh the Trickster
  5105 | D:5      | Reached XP level 6. HP: 47/47 MP: 2/11
  5202 | D:5      | Found a sacrificial altar of Ru.
  5352 | D:5      | Found a runed translucent door.
  5352 | D:5      | Noticed Sensen's ghost (novice GnWr)
  5557 | D:5      | Reached skill level 1 in Staves
  5955 | D:6      | Your scales start taking on an icy white colour.
  5955 | D:6      | Reached XP level 7. HP: 53/53 MP: 8/13
  5955 | D:6      | Gained mutation: Your flesh is cold resistant. (rC+) [White
                  | Draconian growth]
  6024 | D:6      | Noticed a shapeshifter
  6024 | D:6      | a hound changed into a shapeshifter
  6024 | D:6      | Noticed an orb spider
  6024 | D:6      | a shapeshifter changed into an orb spider
  6031 | D:6      | Killed an orb spider
  6032 | D:6      | Reached skill level 5 in Spellcasting
  6032 | D:6      | Reached skill level 6 in Conjurations
  6032 | D:6      | Reached XP level 8. HP: 36/62 MP: 4/15
  6206 | D:6      | Found a shimmering blue altar of Sif Muna.
  6242 | D:6      | Noticed Blork the orc
  6543 | D:6      | Reached skill level 7 in Conjurations
  6617 | D:6      | Killed Blork the orc
  6719 | D:6      | Got a brightly glowing pewter amulet
  6731 | D:6      | Identified the amulet "Ceiramiu" {Inacc Int+2} (You found
                  | it on level 6 of the Dungeon)
  6974 | D:6      | Reached * piety under Nemelex Xobeh
  6975 | D:6      | Found an opulent altar of Gozag.
  7994 | D:7      | Noticed Duvessa
  7994 | D:7      | Noticed Dowan
  8004 | D:7      | Reached XP level 9. HP: 68/68 MP: 13/18
  8004 | D:7      | Killed Duvessa
  8008 | D:7      | Killed Dowan
  8185 | D:7      | Found a hide-covered altar of Uskayaw.
  8242 | D:7      | Reached skill level 8 in Conjurations
  8463 | D:7      | Learned a level 4 spell: Iskenderun's Mystic Blast
  8577 | D:7      | Received a gift from Nemelex Xobeh
  8747 | D:7      | Noticed Pikel
  8759 | D:7      | Killed Pikel
  8760 | D:7      | Reached skill level 1 in Translocations
  9378 | D:8      | Found a sand-covered staircase.
  9387 | Ossuary  | Entered an ossuary
  9793 | D:8      | Reached skill level 9 in Conjurations
 10126 | D:8      | Noticed a two-headed ogre
 10132 | D:8      | Noticed a deep elf mage
 10136 | D:8      | Killed a two-headed ogre
 10137 | D:8      | Reached XP level 10. HP: 65/77 MP: 12/22
 10140 | D:8      | Killed a deep elf mage
 10296 | D:8      | Noticed a manticore
 10307 | D:8      | Killed a manticore
 10503 | D:8      | Reached ** piety under Nemelex Xobeh
 10599 | D:8      | Found a transporter.
 10599 | D:8      | Found a transporter.
 10599 | D:8      | Noticed weresquid's ghost (novice DsGl)
 10854 | D:4      | Bought a hat for 76 gold pieces
 11211 | D:9      | Reached skill level 10 in Conjurations
 11247 | D:9      | Received a gift from Nemelex Xobeh
 11331 | D:9      | You fall into a shaft and drop 3 floors!
 11464 | D:11     | Noticed a gargoyle
 11487 | D:11     | Reached skill level 5 in Stealth
 11542 | D:11     | Noticed Josephine
 11554 | D:11     | Killed Josephine
 11557 | D:11     | Killed from afar by a gargoyle

Illustrated notes

Levels and vault maps discovered:
D:1:      sevenhm_arrival_forest_fort_small_3, layout_loops_corners,
          minmay_misc_feat_alley, minmay_crystal_room, minmay_small_reverse_x
D:2:      layout_basic, grunt_temple_overflow_growth_and_decay,
          chequers_ecumenical_altar_simple_redux
D:3:      layout_basic, amethyst_overflow_temple_binary
D:4:      layout_basic, nicolae_overflow_quartered_altars, lemuel_doored_altar,
          serial_shops, shop, shop, uniq_crazy_yiuf_cottage
D:5:      layout_loops_cross, lemuel_round_altar,
          minmay_temple_entry_water_ring, gammafunk_ghost_grave
D:6:      kennysheep_housing_project, layout_basic, kennysheep_mini,
          lemuel_round_altar, minmay_circle_x, uniq_blork_the_orc
D:7:      corexii_shack_village, layout_basic, overflow_temple_1_default,
          uniq_pikel, uniq_duvessa
D:8:      minmay_curly_fans, layout_loops_ring, gammafunk_ghost_arena,
          lightli_ossuary_entry_decrepit_ruins
D:9:      layout_small_grid
D:11:     layout_long_grid, minmay_lair_entry_grove,
          nemelex_diamond_rough_becter, uniq_josephine, uniq_erica
D:12:     layout_stronghold, orc_david_3, amcnicky_mini_pool_small
Temple:   corrupted_temple

Skill      XL: |  1  2  3  4  5  6  7  8  9 10 |
---------------+-------------------------------+-----
Dodging        | 2 3 4 |  4.1
Stealth        | 2 3 4 5 |  5.1
Spellcasting   | 3 4 5 6 8 9 |  9.7
Conjurations   | 5 6 7 9 10 | 10.2
Fighting       | 1 2 3 |  3.6
Staves         | 1 2 3 |  3.3
Translocations | 2 4 |  4.7
Short Blades   | |  0.2

Action                   |  1- 3 |  4- 6 |  7- 9 | 10-12 || total
-------------------------+-------+-------+-------+-------++-------
Melee: Dagger            |    43 |    28 |       |       ||    71
       Tailslap          |     2 |     5 |     2 |     1 ||    10
       Quarterstaff      |       |     7 |     3 |     2 ||    12
       Staff             |       |       |    10 |    14 ||    24
 Cast: Magic Dart        |    83 |    32 |    88 |    33 ||   236
       Searing Ray       |     5 |    16 |    87 |    30 ||   138
       Iskenderun's Myst |       |       |     1 |     3 ||     4
Invok: Draw Summoning    |       |       |       |     1 ||     1
 Abil: Breathe Frost     |       |       |     5 |     2 ||     7
  Use: Scroll            |     1 |     5 |     4 |       ||    10
 Stab: Sleeping          |     1 |       |     1 |       ||     2
Armor: Skin              |     8 |    14 |    17 |    14 ||    53
Dodge: Dodged            |    40 |    14 |    29 |    13 ||    96
